 Dungeon Crawl Stone Soup version 0.28.0-53-g5a82cb258f (webtiles) character file.

Game seed: 11547460297292511660

179 Zeld the Magician (level 5, 0/42 HPs)
             Began as a Deep Elf Fire Elementalist on May 22, 2022.
             Succumbed to a kobold brigand's poison
             ... in a sewer.
             The game lasted 00:03:52 (4336 turns).

Zeld the Magician (Deep Elf Fire Elementalist)      Turns: 4336, Time: 00:03:53

Health: 0/42       AC: 22    Str:  1 (3)  XL:     5   Next: 32%
Magic:  0/14       EV:  2    Int: 21 (22) God:
Gold:   156        SH:  0    Dex: 12 (15) Spells: 4/13 levels left

rFire   . . .      SeeInvis .   (no weapon)
rCold   . . .      Faith    .   (no shield)
rNeg    . . .      Spirit   .   (armour currently unavailable)
rPois   +          Reflect  .   (helmet currently unavailable)
rElec   .          Harm     .   (cloak currently unavailable)
rCorr   .          Rampage  .   (gloves currently unavailable)
Will    .....      NoTele   +   (boots currently unavailable)
Stlth   ++........              (no amulet)
HPRegen 0.14/turn               (no ring)
MPRegen 0.14/turn               (no ring)

@: lethally poisoned (0 -> -1), tree-form, invisible, very slow
A: stationary, stasis, torment immunity, boosted hp, deterioration 1, weak 1
a: no special abilities


You were in a sewer.
You were a tree.
You visited 1 branch of the dungeon, and saw 4 of its levels.
You also visited: Sewer.

You collected 156 gold pieces.

Inventory:

Armour
 a - a +0 robe (melded)
 l - a +0 pair of gloves (melded)
Wands
 p - a wand of acid (5)
Scrolls
 b - 2 scrolls of fear {unknown}
 d - 4 scrolls of identify {unknown}
 e - 2 scrolls of fog {unknown}
 i - a scroll of immolation {unknown}
 j - a scroll of vulnerability {unknown}
 k - a scroll of enchant armour {unknown}
 m - a scroll of blinking {unknown}
 n - a scroll of magic mapping {unknown}
 o - 3 scrolls of holy word {unknown}


   Skills:
 + Level 3.2 Dodging
 - Level 2.4 Stealth
 * Level 4.7 Spellcasting
 + Level 2.2 Conjurations
 + Level 1.2 Hexes
 + Level 1.0 Transmutations
 * Level 4.4 Fire Magic
 + Level 1.2 Poison Magic


You had 4 spell levels left.
You knew the following spells:

 Your Spells              Type           Power      Damage    Failure   Level
a - Foxfire               Conj/Fire      76%        2x1d7     2%          1
b - Scorch                Fire           46%        2d7       2%          2
c - Inner Flame           Hex/Fire       17%        N/A       11%         3
d - Ignite Poison         Fire/Tmut/Pois 14%        N/A       13%         3

Your spell library contained the following spells:

 Spells                   Type           Power      Damage    Failure   Level
 Conjure Flame            Conj/Fire      19%        6-21      9%          3
 Mephitic Cloud           Conj/Pois/Air  9%         N/A       21%         3
 Flame Wave               Conj/Fire      19%        2d6       28%         4
 Freezing Cloud           Conj/Ice/Air   4%         6-21      92%         5
 Conjure Ball Lightning   Conj/Air       4%         3x3d6     100%        6
 Discord                  Hex            5%         N/A       100%        8
 Disjunction              Tloc           2%         N/A       100%        8


Dungeon Overview and Level Annotations

Branches:
Dungeon (4/15)              Sewer (1/1)
 Temple: D:4-7

Altars:

Annotations:
D:4 Robin


Innate Abilities, Weirdness & Mutations

You are a tree.
Your roots penetrate the ground, keeping you stationary.
You cannot be teleported.
You are immune to unholy pain and torment.
Your maximum health is greatly increased.
Your equipment is partially melded.
Your body sometimes deteriorates upon taking damage.
You are weak. (Str -2)


Message History

a ball python skeleton; a rat skeleton You feel sick.
The kobold brigand throws a poisoned dart.
The poisoned dart hits you!
You are lethally poisoned!
* * * LOW HITPOINT WARNING * * *
You feel very sick.
It was a potion of invisibility.
You fade into invisibility!
* * * LOW HITPOINT WARNING * * *
You feel sick.
Unknown command.
It was a potion of lignification.
You turn into a tree.
Your +0 pair of gloves melds into your body.
Your +0 robe melds into your body.
Your roots penetrate the ground.
* * * LOW HITPOINT WARNING * * *
You feel sick.
Unknown command.
Unknown command.
It was a potion of mutation.
You feel extremely strange.
You feel weaker.
You feel yourself wasting away.
* * * LOW HITPOINT WARNING * * *
You feel sick.
It was a potion of degeneration.
There was something very wrong with that liquid.
You feel weakened.
You feel dopey.
You feel clumsy.
* * * LOW HITPOINT WARNING * * *
You feel sick.
Unknown command.
Casting: Scorch (safe; 2% risk of failure)
Confirm with . or Enter, or press ? or * to list all spells.
Flames lash the kobold brigand.
The kobold brigand is lightly wounded.
The kobold brigand's fire resistance burns away.
* * * LOW HITPOINT WARNING * * *
You feel sick.
The kobold brigand is engulfed in a cloud of scalding steam.
The kobold brigand hits you but does no damage.
Unknown command.
You die...

#..≈≈≈.≈÷≈#≈#...≈≈≈#
#...≈...≈l#≈#.∩.≈≈≈#
######≈≈r.#†#.∩.≈≈≈≈#
#≈≈≈≈≈..###≈#....≈≈≈#
######K## #†#..######
#≈.≈≈.≈# #÷#..≈
#≈..≈≈≈# #÷##P#
#.####P..≈## #K##..
≈≈≈≈≈≈P...# #♣###.
######.≈≈## ###
≈≈..≈≈..≈≈≈≈K≈≈
.≈.≈≈...≈######
.≈≈≈≈..≈..
P..≈≈.≈≈≈.#
PP≈≈≈.≈.≈.#
.......≈≈.≈
#≈..≈≈≈..≈≈.


You could see a kobold brigand (combustible).

Vanquished Creatures
  A hound skeleton (D:2)
  8 adders
  A river rat (Sewer)
  2 worms
  2 dart slugs
  5 bats (D:1)
  7 endoplasms
  6 giant cockroaches
  4 goblins
  4 hobgoblins
  6 jackals
  4 kobolds
  3 quokkas
  10 ball pythons
  4 frilled lizards
  9 rats
76 creatures vanquished.

Vanquished Creatures (others)
  133 foxfires (D:1)
  3 plants (Sewer)
136 creatures vanquished.

Grand Total: 212 creatures vanquished

Notes
Turn   | Place    | Note
-------+----------+-------------------------------------------
     0 | D:1      | Zeld the Deep Elf Fire Elementalist began the quest for the
                  | Orb.
     0 | D:1      | Reached XP level 1. HP: 10/10 MP: 6/6
   217 | D:1      | Reached XP level 2. HP: 15/15 MP: 1/8
   597 | D:1      | Learned a level 2 spell: Scorch
  1041 | D:1      | Reached XP level 3. HP: 19/19 MP: 7/10
  1045 | D:1      | Learned a level 3 spell: Inner Flame
  1049 | D:1      | Learned a level 3 spell: Ignite Poison
  1073 | D:1      | Found a faded altar of an unknown god.
  2175 | D:2      | Reached XP level 4. HP: 20/24 MP: 7/12
  2850 | D:3      | Reached skill level 1 in Poison Magic
  3435 | D:4      | Identified the +0 helmet "Dunt" {rC- Regen+ Dex+2}
  3435 | D:4      | Noticed Robin
  3505 | D:4      | Reached skill level 1 in Hexes
  3748 | D:4      | Found a glowing drain.
  3752 | D:4      | Reached XP level 5. HP: 21/28 MP: 10/13
  3772 | Sewer    | Entered a sewer
  3944 | Sewer    | Reached skill level 1 in Transmutations
  4333 | Sewer    | Gained mutation: You are weak. (Str -2) [potion of
                  | mutation]
  4333 | Sewer    | Gained mutation: Your body sometimes deteriorates upon
                  | taking damage. [potion of mutation]
  4334 | Sewer    | HP: 2/42 [poisoned by a kobold brigand]
  4336 | Sewer    | Succumbed to a kobold brigand's poison

Illustrated notes

Levels and vault maps discovered:
D:1:      lordsloth_arrival_two_stooges, layout_basic,
          shapermc_ecumenical_altar_notcrosses, kennysheep_pointless_box,
          grunt_decor_cap, corexii_hall_statues_t
D:2:      layout_loops_cross, dk_noncrumbling_3
D:3:      layout_basic, minivault_26, serial_bayou_pond_e
D:4:      layout_cave_pools, evilmike_ruin_ashenzari,
          nicolae_ru_sacrificial_ziggurat, temple_green,
          gup_sewer_entry_bubbles, uniq_menkaure, uniq_robin
Sewer:    sewer_co_scattered_pipes

Skill      XL: |  1  2  3  4  5 |
---------------+----------------+-----
Spellcasting   | 4 |  4.7
Dodging        | 3 |  3.2
Fire Magic     | 4 |  4.4
Conjurations   | 2 |  2.2
Poison Magic   | 1 |  1.2
Hexes          | 1 |  1.2
Transmutations | 1 |  1.0
Stealth        | |  2.4

Action                   |  1- 3 |  4- 6 || total
-------------------------+-------+-------++-------
Melee: Unarmed           |    23 |    30 ||    53
       Punch             |     1 |     1 ||     2
 Cast: Foxfire           |    73 |       ||    73
       Scorch            |    21 |    46 ||    67
  Use: Potion            |       |     4 ||     4
Armor: Robe              |    18 |    15 ||    33
       Skin              |       |     1 ||     1
Dodge: Dodged            |    40 |    55 ||    95
